 Dungeon Crawl Stone Soup version 0.31.0-12-g77e489cdc1 (webtiles) character file.

Game seed: 30379023015113317

9534 hawla the Cleaver (level 11, 0/86 HPs)
             Began as a Minotaur Fighter on Feb 13, 2024.
             Was a Priest of Makhleb.
             Slain by a two-headed ogre
             ... wielding a +0 giant spiked club
              (17 damage)
             ... on level 9 of the Dungeon.
             The game lasted 00:17:41 (7827 turns).

hawla the Cleaver (Minotaur Fighter)                Turns: 7827, Time: 00:17:42

Health: 0/86       AC:  6    Str: 24    XL:     11   Next: 24%
Magic:  15/15      EV: 13    Int:  5    God:    Makhleb [***...]
Gold:   484        SH:  6    Dex: 11    Spells: 10/10 levels left

rFire   . . .        D - +4 spear (venom)
rCold   + . .        c - +1 buckler
rNeg    . . .        v - +0 plate armour
rPois   .            i - +1 hat
rElec   .            p - +1 cloak
rCorr   .            s - +0 pair of gloves
SInv    .            j - +1 pair of boots
Will    .....        (no amulet) Stlth
                     w - +5 ring of evasion
HPRegen 0.34/turn    F - ring of protection from cold
MPRegen 0.14/turn

%: no passive effects
@: corroded, slowed, unable to read, very slow
A: horns 2, retaliatory headbutt, low MP 1, inability to read after injury 1
a: Renounce Religion, Minor Destruction, Lesser Servant of Makhleb


You were on level 9 of the Dungeon.
You worshipped Makhleb.
Makhleb was most pleased with you.
You visited 2 branches of the dungeon, and saw 10 of its levels.
You also visited: Sewer.

You collected 484 gold pieces.

Inventory:

Hand Weapons
 a - a +1 war axe
 D - a +4 spear of venom (weapon)
Missiles
 b - 8 poisoned darts (quivered)
 u - a throwing net
 z - 3 curare-tipped darts
Armour
 c - a +1 buckler (worn)
 i - a +1 hat (worn)
 j - a +1 pair of boots (worn)
 p - a +1 cloak (worn)
 s - a +0 pair of gloves (worn)
 v - a +0 plate armour (worn)
Jewellery
 w - a +5 ring of evasion (left hand)
 F - a ring of protection from cold (right hand)
Wands
 g - a wand of mindburst (25)
 m - a wand of flame (42)
 B - a wand of iceblast (6)
 E - a wand of charming (9)
Scrolls
 f - 2 scrolls of poison
 h - 6 scrolls of teleportation
 o - 2 scrolls of revelation
 q - 7 scrolls of blinking
 t - a scroll of immolation
 x - 3 scrolls of fear
 y - 2 scrolls of fog
 I - a scroll of noise {unknown}
Potions
 d - 3 potions of might
 e - 3 potions of cancellation
 k - 2 potions of curing
 l - 3 potions of brilliance
 n - 2 potions of invisibility
 r - a potion of heal wounds {unknown}
 C - a potion of lignification {unknown}
 G - a potion of enlightenment {unknown}
 H - a potion of mutation
Miscellaneous
 A - a sack of spiders


   Skills:
 - Level 5.0 Fighting
 + Level 12.5 Axes
 - Level 6.0 Throwing
 - Level 3.6 Armour
 - Level 7.0 Dodging
 - Level 5.0 Shields
 - Level 10.0 Invocations
 - Level 3.0 Evocations


You had 10 spell levels left.
You didn't know any spells.
Your spell library was empty.

Dungeon Overview and Level Annotations

Branches:
Dungeon (9/15)             Temple (1/1) D:6            Lair (0/5) D:8
  Sewer (visited)
    Orc: D:9-12

Altars:
Ashenzari
Dithmenos
Elyvilon
Fedhas
Gozag
Hepliaklqana
Kikubaaqudgha
Makhleb
Nemelex Xobeh
Okawaru
Qazlal
Ru
Sif Muna
Trog
Uskayaw
Vehumet
Wu Jian
Zin
The Shining One

Shops:
D:3 *   D:5 *

Annotations:
D:6 2 runed translucent doors


Innate Abilities, Weirdness & Mutations

You have a pair of horns on your head.
You reflexively headbutt those who attack you in melee.
Your magical capacity is low. (-10% MP)
You occasionally lose the ability to read scrolls when taking damage.


Message History

Press: ? - help, Dir - move target, f/p - two-headed ogre
Aim: a two-headed ogre, wielding a +0 giant spiked club and a +0 giant club (about 20% to evade your +4 spear of venom)
The wraith is in the way.
You hit the wraith but do no damage. The wraith hits you but does no damage.
Unknown command.
You hit the wraith but do no damage. The wraith closely misses you.
You hit the wraith but do no damage. You block the wraith's attack.
You closely miss the wraith.
You headbutt the wraith, but do no damage.
You block the wraith's attack.
You hit the wraith but do no damage.
You headbutt the wraith, but do no damage.
The wraith hits you! The wraith drains your vigour!
You feel as though you will be slow longer.
You barely miss the wraith. The wraith hits you.
You feel threatened and lose the ability to read scrolls!
You barely miss the wraith. The wraith barely misses you.
You hit the two-headed ogre but do no damage.
Your headbutt misses the two-headed ogre.
The two-headed ogre barely misses you. The two-headed ogre misses you.
You hit the two-headed ogre.
The two-headed ogre is poisoned.
Your headbutt misses the two-headed ogre.
The two-headed ogre is lightly wounded.
You hit the two-headed ogre.
The two-headed ogre is lightly wounded.
The two-headed ogre hits you with a +0 giant spiked club!
The two-headed ogre closely misses you.
You hit the two-headed ogre.
You headbutt the two-headed ogre, but do no damage.
The two-headed ogre is lightly wounded.
The two-headed ogre misses you.
The two-headed ogre hits you with a +0 giant club!!
* * * LOW HITPOINT WARNING * * *
The two-headed ogre attacks as it pursues you!
The two-headed ogre closely misses you.
The two-headed ogre hits you with a +0 giant club!
* * * LOW HITPOINT WARNING * * *
You feel better.
The two-headed ogre hits you with a +0 giant spiked club!
You die...

##.....##### ...
#........... #.#.#
#..#.[#..#.. #...#
############ #...........
#...#
#........#.####...)#######
#.#.+
#.#..###.#....#...........
#...# #....#
#.#....#..#####'###
#...###'##.#
#.###W##..#........
#.#.'....#.#
#.@OcY....#.###.###
#...#.####.#
#..######.#.#.#...#
#...#.# ..# #..#
#†#.#.#.### #...#.# ..#
#..# #OK........ #...###
..# #..# #Y#.###.#.# #...#
.###..# #c#.#...#.# #...#
.....######W#.###.###
#.#.# .......5K.5.#.. ...
. #.#.#### ..#####'#######
#'# #


You could see a two-headed ogre (poisoned), a yak, a wraith and a centaur.

Vanquished Creatures
  2 two-headed ogres (D:9)
  A manticore (D:6)
  A gargoyle (D:9)
  Joseph (D:7)
  Maggie (D:8)
  A komodo dragon (D:6)
  A kobold demonologist (D:6)
  A tengu conjurer (D:9)
  Prince Ribbit (D:5)
  Grinder (D:3)
  2 yaks (D:9)
  Grum (D:8)
  A steam dragon (D:9)
  A vampire mosquito (D:9)
  2 acid dragons (D:9)
  Edmund (D:6)
  3 water moccasins
  4 ice beasts
  An orc warrior (D:9)
  Pargi (Sewer)
  2 sky beasts
  A black bear (D:6)
  2 ogres (D:6)
  4 centaurs
  4 wolves (D:8)
  2 phantoms
  3 kobold brigands
  A brain worm (Sewer)
  8 bullfrogs
  2 gnoll sergeants
  5 scorpions
  A wight (D:9)
  8 killer bees
  5 howler monkeys
  A bombardier beetle (D:6)
  A jelly (D:7)
  6 hounds
  2 orc priests
  Crazy Yiuf (D:5)
  A gnoll bouda (D:6)
  2 sleepcaps
  5 iguanas
  7 orc wizards
  13 gnolls
  2 river rats (D:6)
  11 adders
  3 white imps
  A dart slug (D:2)
  4 ribbon worms
  18 orcs
  7 endoplasms
  5 giant cockroaches
  7 goblins
  4 hobgoblins
  3 jackals (D:3)
  22 kobolds
  4 quokkas
  15 ball pythons
  6 bats
  5 frilled lizards
  5 rats
237 creatures vanquished.

Vanquished Creatures (others)
  A gnoll (D:7)
1 creature vanquished.

Grand Total: 238 creatures vanquished

Notes
Turn   | Place    | Note
-------+----------+-------------------------------------------
     0 | D:1      | hawla the Minotaur Fighter began the quest for the Orb.
     0 | D:1      | Reached XP level 1. HP: 19/19 MP: 0/0
    79 | D:1      | Reached XP level 2. HP: 27/27 MP: 1/1
   302 | D:1      | Reached XP level 3. HP: 34/34 MP: 2/2
   901 | D:2      | Found a stormy altar of Qazlal.
   904 | D:2      | Reached XP level 4. HP: 41/41 MP: 3/3
   907 | D:2      | Identified the +1 great sword "Ideqian" {speed, rN+ Will+
                  | Int+3 Stlth-}
   943 | D:2      | Reached skill level 5 in Shields
   944 | D:2      | Reached skill level 5 in Fighting
  1173 | D:3      | Noticed Grinder
  1179 | D:3      | Paralysed by Grinder for 5 turns
  1186 | D:3      | Paralysed by Grinder for 3 turns
  1189 | D:3      | Killed Grinder
  1190 | D:3      | Reached XP level 5. HP: 38/48 MP: 4/4
  1190 | D:3      | Reached XP level 6. HP: 45/56 MP: 5/5
  1334 | D:3      | Reached skill level 5 in Dodging
  1474 | D:3      | Found Gozag's Platinum Reserve.
  1492 | D:3      | Found an opulent altar of Gozag.
  2203 | D:4      | Found a radiant altar of Vehumet.
  2216 | D:4      | Gained mutation: Your magical capacity is low. (-10% MP)
                  | [potion of mutation]
  2216 | D:4      | Gained mutation: You occasionally lose the ability to read
                  | scrolls when taking damage. [potion of mutation]
  2381 | D:4      | Found an ornate altar of the Wu Jian Council.
  2865 | D:5      | Entered Level 5 of the Dungeon
  2957 | D:5      | Reached XP level 7. HP: 61/61 MP: 5/5
  3009 | D:5      | Found a sparkling altar of Nemelex Xobeh.
  3029 | D:5      | Reached skill level 1 in Evocations
  3035 | D:5      | Found Hagear's Assorted Antiques.
  3144 | D:5      | Noticed Prince Ribbit
  3173 | D:5      | Killed Prince Ribbit
  3282 | D:5      | Reached XP level 8. HP: 66/68 MP: 6/6
  3655 | D:5      | Found a runed translucent door.
  3656 | D:5      | Noticed Crazy Yiuf
  3661 | D:5      | Killed Crazy Yiuf
  3693 | D:6      | Reached skill level 5 in Throwing
  3704 | D:6      | Found a staircase to the Ecumenical Temple.
  3706 | D:6      | Noticed Edmund
  3719 | D:6      | Killed Edmund
  3728 | Temple   | Entered the Ecumenical Temple
  3736 | Temple   | Became a worshipper of Makhleb the Destroyer
  3794 | D:6      | Reached skill level 1 in Invocations
  4082 | D:6      | Reached skill level 5 in Invocations
  4133 | D:6      | Reached XP level 9. HP: 74/74 MP: 10/10
  4185 | D:6      | Found a glowing drain.
  4200 | Sewer    | Entered a sewer
  4304 | Sewer    | Noticed Pargi
  4311 | Sewer    | Reached * piety under Makhleb
  4318 | Sewer    | Killed Pargi
  4493 | D:6      | Found a white marble altar of Elyvilon.
  4672 | D:6      | Found a large runed translucent door.
  4672 | D:6      | Found a large runed translucent door.
  4674 | D:6      | Found a large runed translucent door.
  4674 | D:6      | Found a large runed translucent door.
  4675 | D:6      | Noticed a komodo dragon
  4675 | D:6      | Noticed a kobold demonologist
  4737 | D:6      | Noticed a manticore
  4752 | D:6      | Killed a manticore
  5135 | D:6      | Noticed a hellwing
  5136 | D:6      | Killed a komodo dragon
  5138 | D:6      | Killed a kobold demonologist
  5146 | D:6      | Identified the storm talisman of Grace {rN+ Will- Str-4
                  | Dex+10}
  5152 | D:6      | Identified the amulet of Tul Jide {RegenMP Harm ^Fragile
                  | Int+7}
  5237 | D:7      | Reached ** piety under Makhleb
  5241 | D:7      | Reached XP level 10. HP: 63/81 MP: 14/14
  5243 | D:7      | Reached skill level 10 in Invocations
  5243 | D:7      | Noticed Joseph
  5253 | D:6      | Reached skill level 3 in Axes
  5466 | D:7      | Killed Joseph
  5467 | D:7      | Reached skill level 4 in Axes
  5516 | D:7      | Reached skill level 5 in Axes
  5795 | D:7      | Found a shadowy altar of Dithmenos.
  5818 | D:7      | Found an ancient bone altar of Kikubaaqudgha.
  5931 | D:7      | Reached skill level 6 in Axes
  6184 | D:8      | Found a stormy altar of Qazlal.
  6194 | D:8      | Found a blossoming altar of Fedhas.
  6240 | D:8      | Found a staircase to the Lair.
  6497 | D:8      | Reached skill level 7 in Axes
  6696 | D:8      | Noticed Grum
  6713 | D:8      | Killed Grum
  6714 | D:8      | Reached skill level 8 in Axes
  6865 | D:8      | Noticed Maggie
  6878 | D:8      | Killed Maggie
  6907 | D:8      | Found a glowing silver altar of Zin.
  6929 | D:8      | Reached skill level 9 in Axes
  7138 | D:9      | Reached skill level 10 in Axes
  7140 | D:9      | Noticed a two-headed ogre
  7147 | D:9      | Killed a two-headed ogre
  7226 | D:9      | Reached skill level 11 in Axes
  7235 | D:9      | Reached XP level 11. HP: 76/86 MP: 15/15
  7402 | D:9      | Reached *** piety under Makhleb
  7757 | D:9      | Noticed a two-headed ogre
  7758 | D:9      | Noticed a two-headed ogre
  7776 | D:9      | Killed a two-headed ogre
  7777 | D:9      | Reached skill level 12 in Axes
  7827 | D:9      | Slain by a two-headed ogre

Illustrated notes

Levels and vault maps discovered:
D:1:      lightli_arrival_maybe_door_vault, layout_loops_ring
D:2:      layout_rooms, basic_altar
D:3:      layout_basic, nicolae_gozag_zags_fifth_avenue, uniq_grinder
D:4:      layout_loops_ring, grunt_temple_overflow_open, minivault_19,
          palyth_stone_intersect
D:5:      layout_loops_ring, lemuel_round_altar, nicolae_take_the_stairs,
          uniq_crazy_yiuf_cottage, uniq_prince_ribbit1
D:6:      layout_rooms, mainiacjoe_overflow_24_doors, temple_pool_b,
          portal_sewer_entry_c, minmay_hollow_rounded_squares, uniq_edmund
D:7:      layout_rooms, mainiacjoe_overflow_tiny_flanked,
          mainiacjoe_overflow_alcove_4, kennysheep_generic_room_8, uniq_joseph
D:8:      layout_gridville, grunt_temple_overflow_forces_of_nature,
          kennysheep_little_box, lair_entry_dummy, minmay_hedge_maze, uniq_grum,
          uniq_maggie
D:9:      minmay_the_grid_plus [minmay_the_grid_minigrid_small,
          minmay_the_grid_medium_cups, minmay_the_grid_mess,
          minmay_the_grid_paths, minmay_the_grid_prize_four_corners],
          layout_stronghold
Temple:   hellmonk_temple_forest_ring

Skill      XL: |  1  2  3  4  5  6  7  8  9 10 11 |
---------------+----------------------------------+-----
Fighting       | 4 5 |  5.0
Shields        | 4 5 |  5.0
Dodging        | 4 6 7 |  7.0
Evocations     | 3 |  3.0
Throwing       | 3 6 |  6.0
Invocations    | 5 9 10 | 10.0
Axes           | 11 12 | 12.5
Armour         | |  3.6

Action                     |  1- 3 |  4- 6 |  7- 9 | 10-12 || total
---------------------------+-------+-------+-------+-------++-------
  Melee: War axe           |    63 |   107 |   233 |   178 ||   581
         Headbutt          |    10 |    14 |    40 |    54 ||   118
         Spear             |       |       |       |   120 ||   120
    Use: Scroll            |       |     7 |     6 |     2 ||    15
         Potion            |       |     1 |     2 |     5 ||     8
   Stab: Invisible         |       |       |       |     1 ||     1
 Armour: Scale mail        |    39 |    51 |       |       ||    90
         Plate armour      |       |    23 |   217 |   243 ||   483
  Dodge: Dodged            |    35 |    58 |   200 |   175 ||   468
  Block: Buckler           |    19 |    22 |    99 |   104 ||   244
